 Dungeon Crawl Stone Soup version 0.28.0-1-gb440e238dd (webtiles) character file.

Game seed: 7305256251817123737

179 pkoi the Ruffian (level 5, -2/45 HPs)
             Began as a Draconian Monk on Feb 22, 2022.
             Slain by a scorpion (6 damage)
             ... on level 4 of the Dungeon.
             The game lasted 00:04:17 (4162 turns).

pkoi the Ruffian (Draconian Monk)                   Turns: 4162, Time: 00:04:18

Health: -2/45      AC:  5    Str: 14    XL:     5   Next: 32%
Magic:  5/5        EV: 12    Int: 12    God:
Gold:   159        SH:  0    Dex: 13    Spells: 4/4 levels left

rFire   . . .      SeeInvis .     - Unarmed
rCold   . . .      Faith    .   (no shield)
rNeg    . . .      Spirit   .   (armour unavailable)
rPois   .          Reflect  .   (helmet restricted)
rElec   .          Harm     .   (no cloak)
rCorr   .          Rampage  .   (no gloves)
Will    .....                   (no boots)
Stlth   ++........              (no amulet)
HPRegen 0.15/turn               (no ring)
MPRegen 0.09/turn               (no ring)

@: brilliant, lethally poisoned (-2 -> -11)
A: AC +5, unfitting armour, cold-blooded
a: no special abilities


You were on level 4 of the Dungeon.
You visited 1 branch of the dungeon, and saw 4 of its levels.

You collected 159 gold pieces.

Inventory:

Hand Weapons
 o - a +1 whip of flaming
Jewellery
 e - a ring of willpower
Potions
 c - 3 potions of brilliance
 f - a potion of cancellation
 g - a potion of flight
 m - a potion of ambrosia


   Skills:
 - Level 3.2 Fighting
 - Level 2.6 Dodging
 - Level 1.7 Stealth
 + Level 6.1 Unarmed Combat


You had 4 spell levels left.
You didn't know any spells.
Your spell library was empty.

Dungeon Overview and Level Annotations

Branches:
Dungeon (4/15)
 Temple: D:4-7

Altars:
Kikubaaqudgha

Shops:
D:2 =   D:3 =

Annotations:
D:3 Sigmund


Innate Abilities, Weirdness & Mutations

Your plain brown scales are hard. (AC +5)
You cannot fit into any form of body armour.
You are cold-blooded and may be slowed by cold attacks.


Message History

The scorpion is moderately wounded.
You feel sick. The scorpion stings you!
* * * LOW HITPOINT WARNING * * *
You hit the scorpion.
The scorpion is heavily wounded.
You feel sick. The scorpion barely misses you.
You barely miss the scorpion.
The scorpion is heavily wounded.
You feel sick. The scorpion barely misses you.
You feel better. The scorpion stings you.
* * * LOW HITPOINT WARNING * * *
The scorpion stings you but does no damage.
You hit the scorpion.
The scorpion is heavily wounded.
The scorpion closely misses you.
You barely miss the scorpion.
The scorpion is heavily wounded.
The scorpion barely misses you.
You hit the scorpion but do no damage.
The scorpion is heavily wounded.
The scorpion stings you.
* * * LOW HITPOINT WARNING * * *
You hit the scorpion.
The scorpion is severely wounded.
The scorpion stings you.
* * * LOW HITPOINT WARNING * * *
You are lethally poisoned!
The scorpion poisons you!
You hit the scorpion but do no damage.
The scorpion is severely wounded.
* * * LOW HITPOINT WARNING * * *
You feel very sick. The scorpion barely misses you.
You hit the scorpion but do no damage.
You tail-slap the scorpion, but do no damage.
The scorpion is severely wounded.
* * * LOW HITPOINT WARNING * * *
You feel very sick. The scorpion stings you.
You die...

.§.§§....# ###.,,,,,,,,,*
........## #..,,,,****,**
.........####.#***** *,*
............#.###### *,*
.........#.........# *,*
.........#.#.#.....#***,*
.........(.#.......#*,,,*
...................#*****
.......#######.s@..#
##..####** #.....#
....,,,,,* #.....#
....,,,,,* #...><#
....,,,,,****#######
,,,,,,,,,,,,,*
,,,,,,,,,***,* ,,,,,,,,,*
*,* ,,,,,,,,,* *,***


You could see a scorpion.

Vanquished Creatures
  A jelly (D:2)
  2 orc wizards
  3 adders (D:3)
  A dart slug (D:3)
  5 orcs
  6 ball pythons
  4 bats
  4 endoplasms
  2 giant cockroaches
  6 goblins
  5 hobgoblins
  9 jackals
  3 kobolds
  2 quokkas
  2 frilled lizards
  7 rats
62 creatures vanquished.

Notes
Turn   | Place    | Note
-------+----------+-------------------------------------------
     0 | D:1      | pkoi the Draconian Monk began the quest for the Orb.
     0 | D:1      | Reached XP level 1. HP: 19/19 MP: 1/1
   219 | D:1      | Reached XP level 2. HP: 22/26 MP: 2/2
   392 | D:1      | Reached skill level 4 in Unarmed Combat
   877 | D:2      | Reached XP level 3. HP: 31/31 MP: 3/3
  1138 | D:2      | Found a faded altar of an unknown god.
  1567 | D:2      | Found Manyig's Jewellery Emporium.
  1659 | D:2      | Identified the +2 leather armour "Yckereoc" {Str-3 Dex+4}
  1691 | D:2      | Reached XP level 4. HP: 36/38 MP: 4/4
  1805 | D:3      | Reached skill level 5 in Unarmed Combat
  2054 | D:3      | Found Vuigec's Jewellery Shop.
  2111 | D:3      | Noticed Sigmund
  2459 | D:3      | Found an ancient bone altar of Kikubaaqudgha.
  3301 | D:4      | Reached XP level 5. HP: 45/45 MP: 5/5
  3328 | D:3      | Reached skill level 6 in Unarmed Combat
  4162 | D:4      | Slain by a scorpion

Illustrated notes

Levels and vault maps discovered:
D:1:      dpeg_arrival_houses_and_road, layout_loops_ring
D:2:      minmay_wonky_spiral, layout_loops_ring,
          shapermc_ecumenical_altar_starsandcircs, serial_shops, shop
D:3:      layout_loops_corners, mainiacjoe_overflow_surrounded_room,
          serial_shops, shop, minmay_misc_feat_tiny, kennysheep_generic_room_8,
          uniq_sigmund
D:4:      layout_rooms, nicolae_take_the_stairs, chequers_serial_rivers_micro_b

Skill      XL: |  1  2  3  4  5 |
---------------+----------------+-----
Unarmed Combat | 4 5 6 |  6.1
Fighting       | |  3.2
Dodging        | |  2.6
Stealth        | |  1.7

Action                   |  1- 3 |  4- 6 || total
-------------------------+-------+-------++-------
Melee: Unarmed           |    95 |   123 ||   218
       Tailslap          |     6 |    11 ||    17
       Punch             |     2 |     5 ||     7
  Use: Scroll            |       |    12 ||    12
       Potion            |       |     2 ||     2
 Stab: Sleeping          |     4 |       ||     4
Armor: Skin              |    33 |    32 ||    65
Dodge: Dodged            |    47 |    73 ||   120
